 Dungeon Crawl Stone Soup version 0.31-a0-426-g3a05650e59 (webtiles) character file.

Game seed: 10290948452715686272

77 Dordric the Chopper (level 4, 0/39 HPs)
             Began as a Hill Orc Monk on July 30, 2023.
             Was a Follower of Kikubaaqudgha.
             Slain by an adder (1 damage)
             ... on level 2 of the Dungeon.
             The game lasted 00:03:46 (1901 turns).

Dordric the Chopper (Hill Orc Monk)                 Turns: 1901, Time: 00:03:47

Health: 0/39       AC:  2    Str: 15    XL:     4   Next: 33%
Magic:  4/4        EV: 12    Int: 10    God:    Kikubaaqudgha [*.....]
Gold:   104        SH:  0    Dex: 13    Spells: 3/3 levels left

rFire   . . .        l - +0 war axe
rCold   . . .        d - orb {light}
rNeg    . . .        b - +0 robe
rPois   .            (no helmet)
rElec   .            (no cloak)
rCorr   .            (no gloves)
SInv    .            (no boots)
Will    .....        (no amulet)
Stlth   +            (no ring)
HPRegen 0.26/turn    (no ring)
MPRegen 0.09/turn

%: no passive effects
@: confused, lethally poisoned (0 -> -15), ambrosia-drunk, attractive, hasted,
glowing, very quick
A: no striking features
a: Renounce Religion, Unearth Wretches


You were on level 2 of the Dungeon.
You worshipped Kikubaaqudgha.
Kikubaaqudgha was aware of your devotion.
You visited 1 branch of the dungeon, and saw 3 of its levels.

You collected 104 gold pieces.

Inventory:

Hand Weapons
 a - a +0 hand axe
 l - a +0 war axe (weapon)
Armour
 b - a +0 robe (worn)
 d - an orb of light (worn)
Scrolls
 g - a scroll of teleportation {unknown}
 k - a scroll of identify {unknown}
 m - a scroll of revelation {unknown}
Potions
 c - a potion of ambrosia
 e - a potion of degeneration {unknown}
 f - a potion of haste
 h - a potion of attraction
 i - a potion of curing {unknown}
 j - a potion of lignification {unknown}


   Skills:
 - Level 3.6 Fighting
 + Level 6.7 Axes
 - Level 2.4 Dodging
 + Level 0.0 Necromancy


You had 3 spell levels left.
You didn't know any spells.
Your spell library contained the following spells:

 Spells                   Type           Power      Damage    Failure   Level
 Kiss of Death            Conj/Necr      0%         2d5       36%         1
 Necrotise                Necr           0%         1d4       36%         1
 Cigotuvi's Dreadful Rot  Necr/Pois/Air  0%         N/A       50%         2
 Static Discharge         Conj/Air       0%         2-2/arc   50%         2
 Sublimation of Blood     Necr           0%         N/A       50%         2
 Portal Projectile        Hex/Tloc       0%         N/A       75%         3
 Tukima's Dance           Hex            0%         N/A       75%         3
 Vampiric Draining        Necr           0%         2d6       75%         3
 Airstrike                Air            0%         2d(0-16)  98%         4
 Iskenderun's Mystic Bla  Conj/Tloc      0%         2d3       98%         4
 Petrify                  Tmut/Erth      0%         N/A       98%         4
 Summon Lightning Spire   Summ/Air       0%         N/A       98%         4
 Agony                    Necr           0%         N/A       100%        5
 Irradiate                Conj/Tmut      0%         3d11      100%        5


Dungeon Overview and Level Annotations

Branches:
Dungeon (3/15)

Altars:
Kikubaaqudgha

Annotations:
D:3 Natasha, Sigmund


Message History

You hit the adder.
The adder is heavily wounded.
You slash the adder!
You feel sick.
You are no longer poisoned.
The adder bites you.
You are poisoned.
The adder poisons you! The adder barely misses you.
The adder closely misses you.
You barely miss the adder.
The adder is heavily wounded.
You hit the adder but do no damage.
You feel sick. The adder bites you.
* * * LOW HITPOINT WARNING * * *
The adder closely misses you. The adder bites you.
* * * LOW HITPOINT WARNING * * *
You are lethally poisoned!
The adder poisons you!
You are confused.
You feel invigorated.
* * * LOW HITPOINT WARNING * * *
You feel very sick. The adder barely misses you. The adder bites you.
* * * LOW HITPOINT WARNING * * *
The adder bites you.
* * * LOW HITPOINT WARNING * * *
It was a potion of haste.
You feel yourself speed up.
* * * LOW HITPOINT WARNING * * *
You feel sick. The adder bites you.
* * * LOW HITPOINT WARNING * * *
You are more poisoned.
The adder poisons you! The adder bites you.
* * * LOW HITPOINT WARNING * * *
You are more poisoned.
The adder poisons you!
It was a potion of attraction.
You feel attractive to monsters.
* * * LOW HITPOINT WARNING * * *
You feel very sick. The adder bites you.
You die...
Kikubaaqudgha rasps: "You have failed me!
Welcome... death!"

#...###..# #..#
##### ##.###.##
#......#
#####..### #
##.....########
#..###.........
########.##
####......
#...S>....#
#.....#
#...S@....#
##....#
#.........#
#...#.
#.........#
#...#.
###########
#...#. #...#.
#.#..# #....#
####.. ##.


You could see 2 adders.

Vanquished Creatures
  3 adders
  2 dart slugs
  4 ball pythons
  6 endoplasms
  2 giant cockroaches
  3 goblins (D:1)
  4 hobgoblins
  3 jackals (D:2)
  A quokka (D:1)
  6 bats
  3 frilled lizards
  3 kobolds
  5 rats
45 creatures vanquished.

Vanquished Creatures (others)
  A goblin (D:3)
1 creature vanquished.

Grand Total: 46 creatures vanquished

Notes
Turn   | Place    | Note
-------+----------+-------------------------------------------
     0 | D:1      | Dordric the Hill Orc Monk began the quest for the Orb.
     0 | D:1      | Reached XP level 1. HP: 19/19 MP: 1/1
   147 | D:1      | Reached XP level 2. HP: 26/26 MP: 2/2
   258 | D:1      | Reached skill level 5 in Axes
   627 | D:1      | Reached XP level 3. HP: 23/31 MP: 3/3
   983 | D:2      | Reached skill level 6 in Axes
  1212 | D:1      | Reached XP level 4. HP: 28/39 MP: 4/4
  1568 | D:2      | Found an ancient bone altar of Kikubaaqudgha.
  1692 | D:2      | Became a worshipper of Kikubaaqudgha
  1692 | D:2      | Reached * piety under Kikubaaqudgha
  1692 | D:2      | Received a gift from Kikubaaqudgha
  1692 | D:2      | Reached ** piety under Kikubaaqudgha
  1778 | D:2      | Found a faded altar of an unknown god.
  1889 | D:3      | Noticed Sigmund
  1890 | D:3      | Noticed Natasha
  1901 | D:2      | HP: 1/39 [poisoned by an adder]
  1901 | D:2      | Slain by an adder

Illustrated notes

Levels and vault maps discovered:
D:1:      minmay_arrival_three_doors, layout_basic, minivault_27
D:2:      layout_rooms, shapermc_ecumenical_altar_ellora, basic_altar,
          minmay_circled_x
D:3:      layout_rooms, xom_butterflies, overflow_temple_1_default,
          mainiacjoe_overflow_concentric_impassable, serial_bayou_pond_b,
          saegor_snake_ambush, uniq_sigmund, uniq_natasha, uniq_robin

Skill      XL: |  1  2  3 |
---------------+----------+-----
Axes           | 5 6 |  6.7
Fighting       | |  3.6
Dodging        | |  2.4

Action                     |  1- 3 |  4- 6 || total
---------------------------+-------+-------++-------
  Melee: Hand axe          |    93 |    16 ||   109
         War axe           |       |    10 ||    10
 Invoke: Unearth Wretches  |       |     1 ||     1
    Use: Potion            |       |     3 ||     3
 Armour: Robe              |    26 |     5 ||    31
  Dodge: Dodged            |    67 |    28 ||    95

Table legend: (Time is in decaauts)
 A = Elapsed time spent in this place.
 B = Non-inter-level travel time spent in this place.
 C = Inter-level travel time spent in this place.
 D = Time resting spent in this place.
 E = Time spent auto-exploring this place.
 F = Levels seen in this place.
 G = Mean time per level.
                   A        B        C        D        E       F      G
               +--------+--------+--------+--------+--------+-----+--------+
         Total |   1908 |   1808 |    100 |     53 |   1481 |   3 |  636.0 |
       Dungeon |   1908 |   1808 |    100 |     53 |   1481 |   3 |  636.0 |
               +--------+--------+--------+--------+--------+-----+--------+

Top non-repeatable levels by time:
     D:1: 1204 daAuts
     D:2: 698 daAuts
     D:3: 5 daAuts
